Map: Automaton LE

Players

ROBOTECH

  • Race: Protoss Protoss
  • League: Diamond
  • Spawn Location: 3:00

Cliggity - Winner!

  • Race: Protoss Protoss
  • Spawn Location: 9:00

VOD

Have the link to the VOD?

Description

Time

  • Played on: Nov. 28, 2018, 9:32 p.m.
  • Length: 15:50
Show
View Real Time Build Order
Export as new Build Order

ROBOTECH Protoss 

Build Orders: 1 Gate Expand 

Get SALT Encoding   

  1  0:00  Probe  
  12  0:05  Probe  
  14  0:18  Pylon  
  14  0:22  Probe  
  15  0:34  Assimilator  
  15  0:36  Probe  
  16  0:45  Gateway  
  16  0:48  Probe  
  17  1:00  Probe  
  18  1:12  Probe  
  19  1:30  Nexus  
  19  1:37  Cybernetics Core  
  19  1:41  Probe  
  20  1:52  Pylon  
  20  1:56  Probe  
  21  2:08  Probe  
  22  2:13  Forge  
  22  2:23  Robotics Facility  
  22  2:29  Probe  
  23  2:41  Probe  
  24  2:44  Probe  
  24  2:48  Photon Cannon  
  25  2:56  Probe  
  26  3:06  Probe  
  26  3:07  Warp Prism  
  26  3:08  Probe  
  26  3:11  Robotics Bay  
  30  3:23  Assimilator  
  30  3:29  Probe x2  
  30  3:33  Photon Cannon  
  32  3:35  Warp Gate  
  32  3:42  Observer  
  32  3:43  Pylon  
  32  3:47  Probe x2  
  35  3:56  Disruptor  
  35  4:00  Gateway  
  38  4:10  Gateway  
  38  4:13  Pylon  
  38  4:15  Probe x2  
  40  4:21  Gateway  
  40  4:25  Gateway  
  40  4:35  Gateway  
  40  4:37  Probe x2  
  42  4:42  Disruptor  
  45  4:49  Probe  
  46  4:53  Gateway  
  46  4:54  Probe  
  47  5:01  Probe  
  47  5:07  Probe  
  49  5:13  Probe  
  50  5:19  Probe  
  51  5:25  Probe, Gateway  
  51  5:27  Gateway  
  56  5:31  Probe  
  56  5:33  Pylon  
  57  5:40  Stalker x2  
  61  5:49  Protoss Ground Weapons Level 1  
  61  5:57  Pylon  
  61  6:12  Stalker  
  61  6:14  Stalker x3  
  69  6:20  Stalker  
  71  6:33  Assimilator  
  71  6:40  Pylon  
  71  6:41  Pylon  
  71  7:04  Stalker x2  
  71  7:05  Zealot x5  
  71  7:06  Zealot x2  
  86  7:27  Twilight Council  
  86  7:43  Protoss Shields Level 1  
  83  7:57  Probe x2  
  85  8:04  Assimilator  
  85  8:23  Charge  
  85  8:26  Nexus  
  85  8:31  Zealot  
  85  8:32  Stalker  
  85  8:33  Zealot, Stalker  
  93  8:50  Pylon  
  93  8:55  Assimilator  
  93  8:57  Probe, Immortal  
  93  8:59  Assimilator  
  94  9:08  Pylon  
  89  9:12  Pylon  
  89  9:16  Zealot x2  
  92  9:19  Zealot x2  
  92  9:20  Zealot  
  98  9:40  Probe  
  99  9:50  Cybernetics Core  
  99  9:51  Pylon  
  100  9:52  Probe  
  100  9:53  Pylon  
  100  9:57  Photon Cannon  
  100  10:03  Pylon  
  100  10:04  Probe  
  101  10:07  Probe  
  102  10:17  Probe  
  102  10:19  Probe  
  104  10:29  Probe  
  104  10:31  Probe  
  106  10:38  Probe  
  106  10:41  Probe  
  89  11:10  Stalker x2  
  89  11:11  Stalker x3  
  97  11:12  Stalker x4  
  103  11:18  Photon Cannon  
  103  11:23  Photon Cannon x2  
  103  11:25  Probe  
  99  11:37  Probe  
  98  11:43  Zealot x6  
  98  11:44  Stalker x2  
  98  11:46  Probe  
  109  11:59  Probe  
  109  12:01  Photon Cannon x2  
  110  12:03  Photon Cannon  
  110  12:07  Photon Cannon x2  
  110  12:11  Probe  
  111  12:17  Probe  
  111  12:22  Probe  
  113  12:23  Probe  
  113  12:24  Protoss Shields Level 2  
  115  12:30  Probe  
  115  12:32  Blink  
  115  12:34  Probe, Nexus  
  115  12:35  Probe  
  117  12:38  Pylon  
  117  12:42  Probe  
  118  12:48  Assimilator  
  118  12:49  Probe x2  
  120  12:56  Probe  
  121  13:01  Probe  
  121  13:05  Gateway  
  122  13:06  Gateway  
  122  13:08  Probe  
  123  13:13  Probe  
  124  13:20  Photon Cannon  
  124  13:25  Probe, Photon Cannon  
  125  13:27  Photon Cannon  
  125  13:30  Stalker  
  125  13:31  Stalker  
  129  13:38  Probe  
  130  13:49  Stalker x2  
  130  13:51  Stalker x2  
  135  14:11  Probe, Pylon  
  135  14:15  Stalker x5  
  146  14:35  Stalker x3  
  146  14:36  Stalker  
  154  14:44  Probe  
  155  14:49  Pylon  
  155  14:56  Probe  
  152  15:00  Pylon  
  144  15:08  Probe  
  141  15:14  Observer  
  141  15:20  Probe  
Show
View Real Time Build Order
Export as new Build Order

Cliggity Protoss - Winner!

Build Orders:  

Get SALT Encoding   

  12  0:08  Probe  
  13  0:20  Probe, Pylon  
  14  0:32  Probe  
  15  0:40  Probe  
  15  0:41  Gateway  
  15  0:48  Probe  
  16  0:55  Assimilator  
  17  0:58  Probe  
  18  1:10  Probe  
  19  1:23  Probe  
  20  1:36  Cybernetics Core  
  20  1:38  Probe  
  21  1:50  Probe  
  21  1:53  Gateway  
  22  1:57  Assimilator  
  22  2:02  Probe  
  23  2:13  Warp Gate  
  23  2:17  Pylon  
  23  2:35  Stalker  
  25  2:39  Nexus  
  25  2:44  Stalker  
  27  2:53  Cybernetics Core  
  27  2:56  Robotics Facility  
  27  2:58  Probe  
  28  3:16  Sentry  
  30  3:21  Probe  
  31  3:28  Pylon  
  31  3:39  Gateway  
  31  3:41  Forge  
  31  3:46  Probe  
  32  3:51  Probe  
  33  3:56  Shield Battery  
  33  3:58  Probe  
  35  4:02  Observer  
  35  4:03  Probe  
  36  4:13  Probe x2  
  36  4:15  Protoss Ground Weapons Level 1  
  37  4:21  Probe  
  37  4:22  Probe  
  38  4:25  Pylon  
  38  4:31  Probe x2  
  42  4:41  Immortal  
  42  4:43  Probe x2  
  48  4:52  Pylon  
  48  4:55  Probe x2  
  48  4:56  Stalker  
  48  4:57  Zealot  
  54  5:06  Twilight Council  
  54  5:19  Warp Prism  
  53  5:36  Gateway  
  53  5:37  Forge  
  53  5:41  Pylon x2  
  53  5:44  Stalker x3  
  53  5:49  Probe x2  
  59  5:54  Assimilator  
  61  5:57  Probe x2  
  61  6:02  Protoss Ground Weapons Level 2  
  61  6:04  Protoss Ground Armor Level 1  
  62  6:06  Probe  
  63  6:15  Probe  
  63  6:18  Probe  
  65  6:23  Charge  
  65  6:27  Probe  
  65  6:30  Probe  
  67  6:33  Gateway  
  67  6:56  Nexus  
  64  7:01  Probe x2  
  64  7:07  Zealot x4  
  74  7:13  Probe x2  
  76  7:29  Immortal  
  80  7:30  Gateway  
  80  7:31  Gateway  
  80  7:32  Gateway  
  80  7:34  Gateway  
  80  7:47  Robotics Facility  
  65  7:51  Probe  
  65  7:52  Probe  
  65  7:54  Observer  
  67  8:04  Probe, Zealot  
  67  8:05  Zealot x3  
  76  8:06  Probe  
  76  8:09  Protoss Ground Weapons Level 3  
  76  8:10  Assimilator  
  76  8:12  Assimilator  
  77  8:16  Probe  
  77  8:18  Probe  
  77  8:19  Protoss Ground Armor Level 2  
  79  8:20  Observer  
  79  8:33  Immortal  
  83  8:35  Zealot  
  85  8:44  Probe x2  
  81  8:52  Probe x2  
  81  8:57  Zealot x2  
  81  9:01  Probe  
  81  9:02  Probe  
  89  9:10  Blink  
  89  9:13  Probe  
  90  9:27  Probe x2  
  90  9:28  Stalker x2  
  90  9:29  Stalker x2  
  96  9:38  Zealot x3  
  98  9:39  Probe  
  98  9:40  Probe  
  98  9:41  Probe  
  99  10:01  Probe  
  99  10:02  Probe  
  101  10:11  Templar Archives  
  101  10:20  Pylon  
  101  10:22  Pylon  
  101  10:24  Pylon  
  101  10:35  Probe x2  
  101  10:38  Probe  
  101  10:41  Stalker x2  
  106  10:46  Zealot x6  
  106  10:47  Probe x2  
  120  10:50  Probe  
  107  10:59  Probe  
  107  11:02  Probe  
  97  11:04  Protoss Ground Armor Level 3  
  97  11:10  Probe  
  97  11:11  Probe  
  99  11:14  Probe, Assimilator, Immortal  
  104  11:22  Probe  
  105  11:27  Immortal  
  102  11:44  Probe  
  102  11:45  Probe x2  
  97  11:56  Probe  
  97  11:57  Probe x2  
  100  12:04  Pylon  
  100  12:05  Pylon  
  100  12:06  High Templar x5  
  100  12:08  Nexus  
  110  12:13  Archon x2  
  109  12:24  Immortal  
  109  12:26  Immortal  
  117  12:39  Pylon  
  117  12:42  Pylon  
  117  12:50  High Templar x3  
  117  12:51  High Templar x2  
  127  12:53  Probe x3  
  130  13:05  Probe x2  
  132  13:06  Protoss Shields Level 1  
  132  13:13  Gateway  
  132  13:16  Gateway  
  132  13:18  Dark Shrine  
  132  13:23  Archon x2  
  132  13:26  Archon  
  132  13:27  Zealot x3  
  132  13:28  Zealot x2  
  142  13:40  Zealot x3  
  142  13:41  Zealot  
  143  13:44  Probe x3  
  138  14:05  High Templar x5  
  138  14:06  High Templar  
  150  14:10  Archon x2  
  150  14:11  Archon  
  150  14:15  Probe x4  
  154  14:27  Probe x3  
  157  14:51  Dark Templar x6  
Tags
 
League
Diamond
Matchup
PvP
Spawn Locations
Cross Positions
Add a new tag
Caveats
  • Supply blocks, unpowered buildings, or Contaminate may cause inaccurate times.
  • Supply counts are checked every 10 seconds.